 Dungeon Crawl Stone Soup version 0.19.0-24-gb05acd6 (console) character file.

597 Jesseh the Ruffian (level 7, -1/66 HPs)
             Began as a Naga Monk on Nov 22, 2016.
             Slain by an orc
             ... wielding a +0 falchion
              (5 damage)
             ... on level 4 of the Dungeon.
             The game lasted 00:17:21 (3895 turns).

Jesseh the Ruffian (Naga Monk)                      Turns: 3895, Time: 00:17:22

Health: -1/66      AC:  9    Str: 15    XL:     7   Next: 40%
Magic:  7/7        EV: 13    Int: 10    God:
Gold:   62         SH:  0    Dex: 14    Spells: 0 memorised, 6 levels left

rFire  . . .     SeeInvis +       - Unarmed
rCold  . . .     Gourm    .     d - +0 leather armour
rNeg   . . .     Faith    .     (no shield)
rPois  +         Spirit   .     (no helmet)
rElec  .         Reflect  .     (no cloak)
rCorr  .         Harm     .     (no gloves)
MR     .....                    (no barding)
Stlth  ++........               (no amulet)
                                s - +3 ring of evasion
                                c - +5 ring of protection

@: very slow
A: see invisible, deformed body, poison resistance, slowness 2, slow metabolism
1, spit poison 1, AC +2
a: Spit Poison


You were on level 4 of the Dungeon.
You were not hungry.

You visited 1 branch of the dungeon, and saw 4 of its levels.

You collected 62 gold pieces.

Inventory:

Hand Weapons
 n - a +3 quarterstaff of chaos
   (You took it off Crazy Yiuf on level 2 of the Dungeon)
 o - a +0 hunting sling
   (You took it off a goblin on level 2 of the Dungeon)
Missiles
 p - 47 sling bullets
Armour
 a - a +0 robe
 d - a +0 leather armour (worn)
   (You found it on level 2 of the Dungeon)
 v - a +0 cloak
   (You took it off Crazy Yiuf on level 2 of the Dungeon)
Jewellery
 c - a +5 ring of protection (left hand)
   (You found it on level 1 of the Dungeon)
 j - an uncursed ring of resist corrosion
   (You found it on level 2 of the Dungeon)
 k - an uncursed ring of magical power
   (You found it on level 2 of the Dungeon)
 s - a +3 ring of evasion (right hand)
   (You found it on level 3 of the Dungeon)
Scrolls
 l - 6 scrolls of identify {unknown}
 m - 2 scrolls of remove curse {unknown}
 q - a scroll of blinking {unknown}
 t - a scroll of enchant armour {unknown}
Potions
 e - 3 potions of curing {unknown}
 g - a potion of mutation {unknown}
 h - a potion of resistance {unknown}
 i - a potion of berserk rage {unknown}
 r - a potion of lignification {unknown}
Comestibles
 b - 2 bread rations
 f - a beef jerky
 u - a meat ration
 w - 14 chunks of flesh


   Skills:
 + Level 4.7 Fighting
 * Level 4.4 Armour
 - Level 2.4 Dodging
 - Level 3.0 Stealth
 + Level 4.9 Unarmed Combat


You had 6 spell levels left.
You didn't know any spells.

Dungeon Overview and Level Annotations

Branches:
Dungeon (4/15)
 Temple: D:4-7

Altars:
Ru

Annotations:
D:4 SaintRoka's ghost, amateur OpTm


Innate Abilities, Weirdness & Mutations

You cannot wear boots.
Your serpentine skin is tough. (AC +2)
You have supernaturally acute eyesight. (SInv)
Armour fits poorly on your strangely shaped body.
Your system is resistant to poisons. (rPois)
You cover ground very slowly.
You have a slow metabolism.
You can spit poison.


Message History

a short sword; a ring mail
Things that are here:
a dagger; an orc corpse You butcher the orc corpse.
w - 9 chunks of flesh (gained 1)
You see here a dagger.
Things that are here:
a flail; a leather armour; an orc corpse You butcher the orc corpse.
w - 13 chunks of flesh (gained 4)
Things that are here:
a flail; a leather armour You see here a falchion.
You see here a dagger.
Things that are here:
a short sword; a ring mail You see here a dagger.
Things that are here:
a flail; a leather armour You open the door.
There is an open door here.
An orc comes into view.
The orc shouts!
An orc, an orc wizard and an ogre come into view.
The orc wizard is wielding a dagger of distortion.
The ogre moves out of view.
You completely miss the orc. The orc hits you.
You hit the orc. The orc closely misses you.
You closely miss the orc. The orc barely misses you.
You hit the orc.
You kill the orc!
Things that are here:
a leather armour; an orc corpse You butcher the orc corpse.
w - 14 chunks of flesh (gained 1)
Things that are here:
a leather armour; an orc skeleton SaintRoka's ghost (amateur Octopode Transmuter) comes into view.
The orc wizard casts a spell at you. The puff of flame hits you!
You hear a shout!
An orc comes into view. It is wielding a falchion.
Things that are here:
a leather armour; an orc skeleton You completely miss the orc wizard.
The orc shouts!
Your punch misses the orc wizard. The orc wizard closely misses you.
You hit the orc wizard.
The orc wizard points at you and mumbles some strange words.
The puff of flame hits you!
The ogre shouts!
You hit the orc wizard.
The orc wizard mumbles some strange words.
The orc wizard seems to speed up.
You hit the orc wizard.
The orc wizard gestures wildly while chanting.
You hit the orc wizard but do no damage.
The orc wizard casts a spell at you. The magic dart hits you!
You hit the orc wizard but do no damage.
The orc wizard hits you but does no damage.
Space bends around you.
You hit the orc wizard.
You kill the orc wizard!
The orc hits you but does no damage.
You hit the orc. The orc hits you but does no damage.
You hit the orc but do no damage. The orc misses you.
You hit the orc but do no damage. The orc hits you but does no damage.
You hit the orc.
You kill the orc!
You hit the ogre. You punch the ogre. The ogre closely misses you.
You barely miss the ogre. You punch the ogre, but do no damage.
The ogre barely misses you.
You closely miss the ogre. You punch the ogre! The ogre closely misses you.
You hit the ogre. The ogre closely misses you.
You hit the ogre. The ogre barely misses you.
You hit the ogre but do no damage. You hit the ogre.
The ogre completely misses you.
You hit the ogre. The ogre hits you with a giant club!!
* * * LOW HITPOINT WARNING * * *
You barely miss the ogre. You barely miss the ogre. The ogre barely misses you.
You hit the ogre. The ogre hits you with a giant club!
* * * LOW HITPOINT WARNING * * *
You barely miss the ogre. The ogre hits you with a giant club!
* * * LOW HITPOINT WARNING * * *
You barely miss the ogre. You punch the ogre!
You kill the ogre!
An adder skeleton comes into view.
The orc hits you with a falchion.
* * * LOW HITPOINT WARNING * * *
The orc hits you with a falchion.
* * * LOW HITPOINT WARNING * * *
The orc barely misses you.
You closely miss the orc. You closely miss the orc.
The orc hits you but does no damage.
You closely miss the orc. The orc hits you with a falchion.
You die...

▒...▒▒▒▒▒.▒▒▒▒▒▒▒▒.....
+...'......)[.O........
▒▒▒▒...▒▒▒▒▒.▒)▒▒▒▒▒...o..
▒....▒▒▒▒▒▒▒.▒.▒ .....
▒.▒▒.........▒.▒ ...W
▒.▒▒.........▒.▒ ...
▒..+..)).....▒Z▒ ..
▒▒▒▒..)......▒o▒ ▒
▒..)......N.▒
▒....▒▒▒...▒▒ ▒.▒▒▒......▒
▒.▒........▒ ▒.▒........▒
▒.▒.....▒▒▒▒ ▒ ▒.▒▒▒...▒ .
▒.▒▒▒...▒ ▒▒▒.▒▒.......▒


You could see an orc and an adder skeleton.

Vanquished Creatures
  The ghost of SaintRoka the Insei, an amateur OpTm (D:3)
  An ogre (D:4)
  A crimson imp (D:3)
  A hound (D:3)
  Crazy Yiuf (D:2)
  An orc priest (D:4)
  An orc wizard (D:4)
  Jessica (D:3)
  Ijyb (D:3)
  3 adders (D:2)
  An ooze (D:1)
  2 worms (D:3)
  2 dart slugs
  2 leopard geckos
  5 orcs (D:4)
  2 ball pythons
  4 giant cockroaches
  10 goblins
  6 hobgoblins
  8 jackals
  15 kobolds
  10 bats
  9 frilled lizards
  10 rats
98 creatures vanquished.

Notes
Turn   | Place    | Note
-------+----------+-------------------------------------------
     0 | D:1      | Jesseh the Naga Monk began the quest for the Orb.
     0 | D:1      | Reached XP level 1. HP: 21/21 MP: 1/1
   170 | D:1      | Reached XP level 2. HP: 22/28 MP: 2/2
   322 | D:1      | Reached skill level 1 in Armour
   544 | D:1      | Reached XP level 3. HP: 32/34 MP: 3/3
  1247 | D:2      | Reached skill level 2 in Armour
  1247 | D:2      | Reached XP level 4. HP: 24/42 MP: 4/4
  1269 | D:2      | Found a runed door.
  2251 | D:3      | Reached XP level 5. HP: 44/49 MP: 5/5
  2333 | D:3      | Noticed SaintRoka's ghost (amateur OpTm)
  2349 | D:3      | Killed SaintRoka's ghost
  2349 | D:3      | Reached skill level 4 in Fighting
  2349 | D:3      | Reached skill level 3 in Armour
  2349 | D:3      | Reached skill level 4 in Unarmed Combat
  2349 | D:3      | Reached XP level 6. HP: 23/57 MP: 6/6
  2417 | D:3      | HP: 14/57 [leopard gecko (2)]
  2428 | D:3      | HP: 9/57 [jackal (1)]
  2432 | D:3      | HP: 4/57 [jackal (2)]
  2437 | D:3      | HP: 5/57 [giant cockroach (1)]
  2474 | D:2      | HP: 9/57 [leopard gecko (5)]
  2736 | D:3      | Noticed Jessica
  2743 | D:3      | Killed Jessica
  3065 | D:3      | Found a sacrificial altar of Ru.
  3308 | D:3      | Noticed Ijyb
  3324 | D:3      | Killed Ijyb
  3420 | D:2      | Noticed Crazy Yiuf
  3434 | D:2      | HP: 13/57 [Crazy Yiuf/quarterstaff of chaos (4)]
  3437 | D:2      | Killed Crazy Yiuf
  3437 | D:2      | Reached skill level 4 in Armour
  3437 | D:2      | Reached XP level 7. HP: 14/66 MP: 4/7
  3439 | D:2      | HP: 14/66 [poisoned by Crazy Yiuf]
  3446 | D:2      | HP: 14/66 [poisoned by Crazy Yiuf]
  3855 | D:4      | Noticed SaintRoka's ghost (amateur OpTm)
  3884 | D:4      | HP: 16/66 [ogre/giant club (9)]
  3888 | D:4      | HP: 5/66 [orc/falchion (4)]
  3895 | D:4      | Slain by an orc

Skill      XL: |  1  2  3  4  5  6 |
---------------+-------------------+-----
Armour         | 1 2 3 4 |  4.4
Fighting       | 4 |  4.7
Unarmed Combat | 4 |  4.9
Dodging        | |  2.4
Stealth        | |  3.0

Action                   |  1- 3 |  4- 6 |  7- 9 || total
-------------------------+-------+-------+-------++-------
Melee: Unarmed           |   152 |   264 |    62 ||   478
       Punch             |       |     8 |     3 ||    11
 Abil: Spit Poison       |     1 |       |       ||     1
 Stab: Sleeping          |     3 |     5 |       ||     8
  Eat: Chunk             |       |     7 |     1 ||     8
Armor: Robe              |    63 |       |       ||    63
       Leather armour    |    16 |   146 |    13 ||   175
Dodge: Dodged            |    89 |   157 |    43 ||   289

Vault maps used:
D:1:      minmay_arrival_plants_in_alcoves
D:2:      kennysheep_cluttered_room, uniq_crazy_yiuf_cottage
D:3:      first_bread, nicolae_ru_path_of_blood, uniq_iyjb, uniq_jessica

Table legend:
 A = Turns spent in this place as a percentage of turns spent in the entire game.
 B = Non-inter-level travel turns spent in this place as a percentage of non-inter-level travel turns spent in the entire game.
 C = Inter-level travel turns spent in this place as a percentage of turns spent in this place.
 D = Turns resting spent in this place as a percentage of non-inter-level travel turns spent in this place.
 E = Turns spent auto-exploring this place as a percentage of non-inter-level travel turns spent in this place.
 F = Non-inter-level travel turns spent in this place divided by the number of levels of this place that you've seen.
                   A       B       C       D       E      F
               +-------+-------+-------+-------+-------+----------------------
         Total | 100.0 | 100.0 |   0.7 |   0.5 |   6.5 | 297.0
       Dungeon | 100.0 | 100.0 |   0.7 |   0.5 |   6.5 | 297.0
               +-------+-------+-------+-------+-------+----------------------

Table legend:
 A = Kills in this place as a percentage of kills in entire the game.
 B = Kills by you in this place as a percentage of kills by you in the entire game.
 C = Kills by friends in this place as a percentage of kills by friends in the entire game.
 D = Other kills in this place as a percentage of other kills in the entire game.
 E = Experience gained in this place as a percentage of experience gained in the entire game.
 F = Experience gained in this place divided by the number of levels of this place that you have seen.
                   A       B       C       D       E      F
               +-------+-------+-------+-------+-------+----------------------
         Total | 100.0 | 100.0 |  -nan |  -nan | 100.0 | 213.5
       Dungeon | 100.0 | 100.0 |  -nan |  -nan | 100.0 | 213.5
               +-------+-------+-------+-------+-------+----------------------
